Map: Alcyone LE

Players

Solar

  • Race: Zerg Zerg
  • Spawn Location: 7:00

MaNa - Winner!

  • Race: Protoss Protoss
  • Spawn Location: 1:00

Event: ESL Spring 2024 Finals

VOD

Have the link to the VOD?

Description

Time

  • Played on: May 31, 2024, 12:55 p.m.
  • Length: 16:57

All games in this series

Show
View Real Time Build Order
Export as new Build Order

Solar Zerg 

Build Orders: Hatch First, Lurkers, Roach Hydra 

Get SALT Encoding   

  12  0:00  Drone  
  13  0:12  Overlord  
  13  0:16  Drone  
  14  0:34  Drone x2  
  16  0:47  Hatchery  
  15  0:51  Drone  
  15  0:55  Drone  
  17  0:58  Drone  
  18  1:09  Extractor  
  17  1:13  Spawning Pool  
  17  1:16  Drone  
  17  1:21  Drone  
  18  1:28  Drone  
  19  1:38  Drone  
  20  1:50  Overlord  
  20  2:00  Queen x2  
  26  2:01  Zergling x4  
  26  2:12  Drone x2  
  26  2:14  Metabolic Boost  
  28  2:22  Drone x2  
  30  2:35  Hatchery  
  29  2:39  Zergling x2  
  30  2:45  Queen  
  30  2:51  Overlord  
  32  2:52  Drone  
  32  2:56  Drone x2  
  35  3:00  Zergling x2  
  36  3:08  Queen  
  36  3:11  Drone  
  36  3:12  Drone x2  
  41  3:13  Drone  
  41  3:17  Overlord  
  42  3:20  Drone  
  42  3:21  Zergling x2  
  44  3:31  Overlord  
  44  3:35  Queen  
  44  3:38  Drone x2  
  48  3:43  Drone x3  
  48  3:44  Zergling x2  
  48  3:48  Queen  
  54  3:50  Overlord  
  54  3:53  Drone x2  
  54  3:54  Zergling x2  
  54  3:59  Drone x2  
  55  4:04  Drone x2  
  55  4:05  Drone  
  56  4:10  Drone  
  56  4:11  Spore Crawler  
  56  4:14  Spore Crawler, Drone x2  
  57  4:18  Queen  
  57  4:20  Drone  
  59  4:27  Drone x2  
  61  4:31  Spore Crawler  
  61  4:32  Drone  
  61  4:38  Drone x5  
  66  4:44  Drone x4  
  70  4:47  Overlord  
  70  4:50  Zergling x6  
  72  4:54  Zergling x2  
  72  4:56  Zergling x2  
  72  4:57  Roach Warren  
  72  4:58  Evolution Chamber  
  72  5:00  Lair, Extractor  
  72  5:01  Extractor  
  72  5:02  Drone  
  72  5:03  Drone  
  72  5:05  Drone x2  
  74  5:07  Zergling x2  
  74  5:08  Zergling x2  
  74  5:10  Drone x2  
  74  5:12  Overlord  
  77  5:15  Drone x2  
  77  5:18  Drone x2  
  77  5:19  Drone  
  77  5:20  Drone  
  82  5:25  Drone  
  82  5:29  Extractor x2  
  82  5:32  Drone x3  
  82  5:34  Overlord  
  85  5:35  Drone x2  
  85  5:40  Drone x2  
  85  5:41  Drone x2  
  87  5:48  Drone x2  
  87  5:55  Extractor  
  87  5:56  Overlord, Zerg Missile Weapons Level 1  
  85  6:01  Drone  
  85  6:02  Glial Reconstitution  
  86  6:05  Overseer  
  86  6:06  Roach x5  
  86  6:08  Hatchery  
  86  6:09  Roach  
  86  6:10  Roach  
  97  6:12  Overlord x3  
  97  6:16  Roach x2  
  97  6:17  Roach x2  
  103  6:23  Pneumatized Carapace  
  102  6:27  Overlord, Ravager  
  102  6:30  Roach  
  104  6:33  Roach x4  
  104  6:34  Roach x2  
  104  6:37  Overlord x2  
  116  6:43  Roach x4  
  124  6:50  Roach x3  
  130  6:54  Overlord  
  130  6:59  Overlord  
  130  7:00  Roach x4  
  138  7:03  Roach  
  138  7:04  Roach x2  
  138  7:07  Roach  
  138  7:08  Roach  
  148  7:09  Overseer  
  148  7:11  Ravager x2  
  148  7:12  Overlord  
  148  7:14  Ravager  
  151  7:16  Extractor  
  151  7:17  Roach x2  
  154  7:24  Ravager  
  154  7:25  Zergling x6, Roach x2  
  163  7:30  Zergling x8  
  163  7:31  Ravager  
  163  7:34  Overlord  
  163  7:36  Roach x3  
  173  7:39  Zergling x8  
  177  7:44  Zergling x4  
  177  7:50  Roach x3  
  177  7:55  Zergling x2  
  177  7:57  Drone, Infestation Pit  
  177  7:58  Drone x3  
  172  7:59  Drone  
  172  8:01  Drone x5  
  172  8:02  Drone  
  172  8:03  Drone  
  172  8:04  Drone  
  176  8:08  Drone x3  
  176  8:09  Ravager  
  171  8:14  Zergling x4  
  171  8:15  Hydralisk Den  
  171  8:19  Overlord, Extractor  
  168  8:20  Extractor  
  168  8:23  Zerg Missile Weapons Level 2  
  168  8:24  Zergling x6  
  168  8:26  Overlord  
  164  8:29  Zergling x4  
  160  8:34  Drone x2, Hive  
  160  8:36  Drone  
  160  8:38  Drone  
  164  8:45  Muscular Augments  
  164  8:46  Lurker Den  
  164  8:47  Roach x2  
  164  8:53  Zergling x12  
  163  9:00  Ravager  
  163  9:02  Roach x4  
  172  9:04  Hydralisk  
  172  9:05  Hydralisk  
  176  9:11  Hatchery  
  176  9:13  Hydralisk  
  176  9:16  Drone  
  178  9:19  Hydralisk x3  
  180  9:29  Drone  
  180  9:30  Hydralisk x4  
  185  9:34  Overlord  
  185  9:38  Overseer, Overlord  
  182  9:41  Drone  
  183  9:46  Seismic Spines  
  183  9:48  Hydralisk x4  
  183  9:49  Grooved Spines  
  189  9:56  Drone  
  189  9:57  Drone  
  188  10:03  Lurker  
  188  10:04  Lurker x5  
  188  10:19  Extractor  
  188  10:20  Adrenal Glands  
  187  10:23  Lurker x2  
  189  10:31  Zergling x2  
  189  10:32  Zergling x4  
  189  10:33  Hydralisk x2  
  189  10:34  Zergling x30  
  200  10:37  Lurker x2  
  200  10:43  Adaptive Talons  
  200  11:01  Zerg Missile Weapons Level 3  
  200  11:09  Queen  
  200  11:10  Hydralisk x2  
  196  11:11  Zergling x2  
  196  11:12  Zergling x4  
  186  11:19  Hydralisk x2  
  186  11:20  Hydralisk x7  
  186  11:22  Zergling x8  
  186  11:25  Overlord x4  
  189  11:28  Hydralisk  
  168  11:46  Hydralisk x7  
  163  11:47  Zergling x6  
  163  11:49  Zergling x16  
  163  11:51  Zergling x2  
  163  11:53  Hydralisk  
  151  11:55  Zergling x2  
  151  11:58  Zergling x2  
  151  12:01  Zergling x2  
  133  12:05  Zergling x2  
  132  12:09  Hydralisk  
  108  12:28  Hatchery  
  107  12:30  Lurker x4  
  111  12:38  Lurker  
  111  12:39  Zergling x12  
  118  12:44  Extractor  
  104  13:00  Drone x6  
  104  13:05  Hydralisk x3  
  108  13:06  Hydralisk x2  
  108  13:07  Queen  
  114  13:18  Lurker x3  
  117  13:25  Hydralisk x3  
  123  13:28  Overseer  
  123  13:32  Hydralisk x2  
  121  13:37  Lurker x2  
  121  13:38  Hydralisk x3  
  121  13:39  Zergling x2  
  130  13:46  Hydralisk x2  
  134  13:52  Hydralisk  
  134  13:55  Lurker  
  137  13:57  Hydralisk  
  137  13:58  Zergling x2  
  139  14:10  Hydralisk x3  
  139  14:15  Hydralisk  
  144  14:28  Viper  
  147  14:32  Hatchery  
  147  14:33  Hydralisk  
  148  14:44  Lurker x2  
  148  14:45  Lurker  
  151  15:02  Lurker x3  
  154  15:10  Hydralisk x2  
  154  15:11  Hydralisk  
  154  15:12  Overlord x2  
  160  15:15  Overlord  
  160  15:23  Hatchery  
  155  15:31  Hydralisk  
  155  15:32  Hydralisk  
  156  15:43  Hydralisk x4  
  161  15:59  Hydralisk x3  
  160  16:04  Hydralisk  
  160  16:10  Hydralisk  
  159  16:14  Zergling x4  
  159  16:18  Zergling x2  
  155  16:23  Zergling x2  
Show
View Real Time Build Order
Export as new Build Order

MaNa Protoss - Winner!

Build Orders: 1 Gate Expand, Oracle Opening, Zealot Archon 

Get SALT Encoding   

  12  0:00  Probe  
  13  0:12  Probe  
  14  0:20  Pylon  
  14  0:24  Probe  
  15  0:39  Probe (Chrono Boost)  
  16  0:44  Gateway  
  16  0:46  Probe (Chrono Boost)  
  17  0:50  Assimilator  
  17  0:53  Probe  
  18  1:05  Probe (Chrono Boost)  
  19  1:16  Probe (Chrono Boost)  
  20  1:21  Probe (Chrono Boost)  
  21  1:30  Nexus  
  21  1:39  Cybernetics Core  
  21  1:42  Probe  
  22  1:49  Assimilator  
  22  1:54  Pylon  
  22  1:57  Probe  
  23  2:12  Probe  
  23  2:14  Adept (Chrono Boost)  
  24  2:16  Stargate  
  26  2:24  Probe  
  26  2:26  Warp Gate  
  27  2:36  Adept, Probe  
  30  2:42  Probe  
  31  2:48  Probe  
  32  2:54  Probe  
  32  2:57  Oracle (Chrono Boost)  
  33  3:01  Probe  
  37  3:06  Probe  
  37  3:09  Adept  
  40  3:13  Probe  
  40  3:18  Probe  
  42  3:20  Pylon  
  42  3:25  Probe  
  43  3:30  Probe  
  44  3:37  Probe  
  44  3:38  Oracle (Chrono Boost)  
  48  3:42  Probe  
  48  3:44  Nexus  
  49  3:48  Pylon  
  49  3:55  Probe  
  48  3:58  Probe  
  47  4:07  Probe  
  47  4:10  Probe  
  47  4:12  Assimilator  
  47  4:13  Oracle (Chrono Boost), Assimilator  
  47  4:14  Adept  
  53  4:19  Probe, Pylon  
  53  4:23  Gateway  
  54  4:27  Probe  
  54  4:30  Twilight Council  
  55  4:33  Forge  
  55  4:34  Probe  
  55  4:37  Adept  
  57  4:39  Probe (Chrono Boost)  
  58  4:46  Probe (Chrono Boost)  
  58  4:51  Probe (Chrono Boost)  
  59  4:55  Robotics Facility  
  59  4:57  Probe (Chrono Boost)  
  59  4:59  Probe (Chrono Boost)  
  62  5:01  Probe (Chrono Boost), Protoss Ground Weapons Level 1  
  62  5:02  Adept  
  62  5:06  Probe (Chrono Boost)  
  64  5:07  Blink (Chrono Boost), Probe (Chrono Boost)  
  64  5:10  Probe (Chrono Boost)  
  64  5:12  Probe (Chrono Boost)  
  64  5:13  Probe (Chrono Boost)  
  67  5:17  Probe  
  68  5:22  Probe  
  68  5:27  Probe  
  70  5:29  Probe  
  70  5:32  Assimilator, Templar Archives  
  70  5:34  Assimilator, Probe  
  72  5:37  Stalker  
  72  5:39  Probe  
  72  5:41  Probe  
  76  5:46  Stalker  
  76  5:47  Probe  
  77  5:51  Probe  
  77  5:53  Probe  
  77  5:54  Warp Prism (Chrono Boost)  
  79  5:59  Probe  
  79  6:03  Probe  
  83  6:06  Gateway, Probe  
  83  6:07  Gateway  
  83  6:11  Pylon, Probe  
  85  6:24  Gateway  
  85  6:27  Gateway  
  85  6:29  High Templar x2, Probe  
  90  6:33  Archon  
  90  6:35  Gateway, Probe  
  90  6:38  Gateway  
  91  6:40  Pylon  
  91  6:44  Photon Cannon  
  91  6:46  Shield Battery  
  91  6:52  Gateway x2  
  91  6:55  Pylon  
  91  6:58  Pylon  
  91  6:59  Pylon  
  91  7:04  Stalker x3  
  91  7:06  Protoss Ground Weapons Level 2  
  97  7:10  Stalker  
  97  7:15  Pylon  
  99  7:22  High Templar x2  
  103  7:26  High Templar  
  103  7:27  High Templar x2  
  103  7:32  Stalker x5  
  103  7:36  Archon, Photon Cannon  
  111  7:39  Immortal  
  115  7:50  Stalker x3  
  121  7:57  High Templar  
  121  7:58  High Templar x3  
  127  8:02  Archon x2  
  127  8:05  Stalker x3  
  125  8:14  Pylon  
  125  8:18  Immortal  
  125  8:19  Pylon  
  127  8:22  Stalker x3  
  131  8:39  Stalker x6  
  143  8:42  Stalker  
  143  8:55  Psionic Storm  
  141  8:57  Immortal  
  145  9:05  Adept x2, Pylon  
  145  9:07  Pylon  
  149  9:26  Nexus  
  143  9:36  Charge (Chrono Boost)  
  139  9:39  High Templar x4  
  139  9:42  Pylon  
  139  9:43  Zealot x3  
  139  9:44  Zealot  
  155  9:54  Protoss Ground Weapons Level 3 (Chrono Boost)  
  155  10:01  Immortal  
  159  10:07  Pylon  
  155  10:15  Zealot x9  
  173  10:25  Photon Cannon  
  173  10:26  Photon Cannon  
  173  10:28  Shield Battery  
  173  10:37  Assimilator  
  173  10:39  Assimilator  
  173  10:41  Observer, Photon Cannon  
  172  11:08  Zealot  
  172  11:09  Zealot x9  
  176  11:23  Fleet Beacon  
  162  11:26  Stargate  
  162  11:31  Zealot x5  
  156  11:41  Protoss Air Weapons Level 1  
  146  11:52  Zealot x9  
  146  11:53  Zealot  
  110  12:01  Immortal  
  95  12:16  High Templar x2  
  95  12:17  High Templar x7  
  99  12:24  Archon x2  
  99  12:25  Carrier (Chrono Boost)  
  105  12:47  Nexus  
  105  12:55  Archon  
  105  12:56  Zealot x3  
  108  13:05  High Templar  
  108  13:06  High Templar x3  
  108  13:10  Archon  
  108  13:11  Archon  
  108  13:12  Zealot x2  
  120  13:14  Zealot  
  122  13:23  Observer  
  123  13:33  Nexus  
  123  13:39  Zealot  
  123  13:40  High Templar x4  
  131  13:47  Archon x2  
  131  13:56  Nexus  
  131  14:01  Pylon  
  131  14:06  Carrier (Chrono Boost)  
  137  14:21  Tempest (Chrono Boost)  
  142  14:34  High Templar x3  
  148  14:46  Zealot x2  
  148  14:50  Shield Battery  
  148  14:51  Photon Cannon  
  152  15:01  Tempest (Chrono Boost)  
  152  15:03  Observer  
  152  15:04  Tempest (Chrono Boost)  
  159  15:28  Probe x2  
  159  15:29  Probe  
  162  15:37  Tempest  
  167  15:46  Zealot x4  
  169  16:34  Zealot x6  
  169  16:52  Archon  
Tags
 
Add a new tag
Caveats
  • Supply blocks, unpowered buildings, or Contaminate may cause inaccurate times.
  • Supply counts are checked every 10 seconds.